 Dungeon Sprint DCSS version 0.23.0-3-gf3c87f2 (webtiles) character file.

Game seed: 2238632240875868344

2761 nuthulu the Carver (level 9, -4/90 HPs)
             Began as a Minotaur Fighter on Feb 20, 2019.
             Was a High Priest of Yredelemnul.
             Slain by a death cob (16 damage)
             ... in the Dungeon (Sprint V: "Ziggurat Sprint").
             The game lasted 00:03:21 (470 turns).

nuthulu the Carver (Minotaur Fighter)                Turns: 470, Time: 00:03:22

Health: -4/90      AC: 30    Str: 35    XL:     9   Next: 42%
Magic:  12/12      EV:  3    Int:  6    God:    Yredelemnul [*****.]
Gold:   0          SH: 32    Dex: 10    Spells: 8/8 levels left

rFire    . . .     SeeInvis .   F - +9 sword of Zonguldrok {reap}
rCold    . . .     Gourm    .   H - +18 shield of the Gong {rElec rN+ MR+ EV-5}
rNeg     + . .     Faith    .   G - +15 Maxwell's patent armour {-Cast -Tele rElec MR+ rCorr}
rPois    .         Spirit   .   (helmet restricted)
rElec    +         Reflect  .   (no cloak)
rCorr    +         Harm     .   (no gloves)
MR       ++...     NoTele   +   (no boots) Stlth ..........NoCast +
                                (no amulet)
HPRegen  0.25/turn              E - +6 ring of strength
MPRegen  0.13/turn              D - +6 ring of strength

@: slowed, very slow
A: retaliatory headbutt, horns 2
a: Recall Undead Slaves, Injury Mirror, Animate Dead, Drain Life, Enslave Soul,
Renounce Religion


You were in the Dungeon.
You worshipped Yredelemnul.
Yredelemnul was extremely pleased with you.
You were not hungry.

You visited 1 branch

Inventory:

Hand Weapons
 a - a +0 long sword
 F - the +9 sword of Zonguldrok (weapon) {reap}
   (You found it in the Dungeon)

   If a monster killed with it leaves a corpse in good enough shape, the corpse
   will be animated as a zombie friendly to the killer.
Armour
 G - the +15 Maxwell's patent armour (worn) {-Cast -Tele rElec MR+ rCorr}
   (You found it in the Dungeon)

   It insulates you from electricity.
   It affects your resistance to hostile enchantments.
   It prevents spellcasting.
   It prevents most forms of teleportation.
   It provides partial protection from all sources of acid and corrosion.
 H - the +18 shield of the Gong (worn) {rElec rN+ MR+ EV-5}
   (You found it in the Dungeon)

   It affects your evasion (-5).
   It insulates you from electricity.
   It protects you from negative energy.
   It affects your resistance to hostile enchantments.
Jewellery
 b - the amulet of Itatt {Inacc +Blink +Inv rF+++ Int-5}
   (You found it in the Dungeon)

   [amulet of inaccuracy]

   It reduces the accuracy of all your attacks.
   It affects your intelligence (-5).
   It renders you almost immune to fire.
   It lets you turn invisible.
   It lets you blink.
 z - a +6 ring of dexterity
 A - a +6 ring of dexterity
 B - a +6 ring of intelligence
 C - a +6 ring of intelligence
 D - a +6 ring of strength (right hand)
 E - a +6 ring of strength (left hand)
Wands
 w - a wand of disintegration (7)
 x - a wand of iceblast (7)
 y - a wand of acid (7)
Scrolls
 c - 4 scrolls of enchant armour
 k - 4 scrolls of blinking
 q - 4 scrolls of amnesia
 r - 7 scrolls of fog
 s - a scroll of holy word
 t - 5 scrolls of identify
 u - 5 scrolls of remove curse
 v - 2 scrolls of fear
Potions
 d - 5 potions of might
 e - 10 potions of curing
 g - 9 potions of heal wounds
 h - 6 potions of haste
 i - 7 potions of magic
 j - 2 potions of berserk rage
 l - 2 potions of brilliance
 m - 2 potions of invisibility
 n - 4 potions of resistance
 p - 4 potions of agility
Comestibles
 f - 8 rations


   Skills:
 + Level 12.1 Fighting
 + Level 14.2 Long Blades
 + Level 12.1 Armour
 + Level 12.1 Shields
 - Level 6.6 Invocations


You had 8 spell levels left.
You didn't know any spells.
Your spell library was empty.

Dungeon Overview and Level Annotations

Branches:
Dungeon (1/1)

Altars:
Ashenzari
Cheibriados
Dithmenos
Elyvilon
Fedhas
Gozag
Hepliaklqana
Kikubaaqudgha
Makhleb
Nemelex Xobeh
Okawaru
Qazlal
Ru
Sif Muna
Trog
Uskayaw
Vehumet
Wu Jian
Xom
Yredelemnul
Zin
The Shining One
Beogh
Jiyva
Lugonu

Annotations:
D 1 transporter


Innate Abilities, Weirdness & Mutations

You reflexively headbutt those who attack you in melee.
You have a pair of horns on your head.


Message History

Unknown command.
You swap places.
You block the death cob's attack.
BONNNG!
You block the death cob's attack.
GONNNNG!
Your flying skull hits the red draconian.
The death cob hits you. The death cob drains your vigour!
You feel as though you will be slow longer.
You block the death cob's attack.
BOUMMMMG!
Your hell hound zombie barely misses the death cob.
Your flying skull closely misses the red draconian.
The white draconian hits your hell hound zombie with a +0 short sword.
The death cob hits you!
* * * LOW HITPOINT WARNING * * *
The death cob drains your vigour!
You feel as though you will be slow longer.
The death cob hits you!
You die...
Your body rises from the dead as a mindless zombie.

▓..8©8..▓
▓..|)}..▓
▓.."}:..▓
▓.......▓
▓....d..▓
▓..ZzM..▓
▓..d....▓
▓.▓zzd▓.▓
▓.Z@Zd..▓
▓▓▓▓▓▓▓▓▓


You could see a yellow draconian, a purple draconian, a red draconian, a white
draconian, 2 death cobs, a friendly flying skull, a friendly mummy, a friendly
hell hound zombie, a friendly deep elf mage zombie and a friendly naga zombie.

Vanquished Creatures
  A dancing weapon (D)
  3 deep elf magi (D)
  A water elemental (D)
  A fire elemental (D)
  A golden eye (D)
  A naga (D)
  A water moccasin (D)
  An eye of draining (D)
  A crimson imp (D)
  A quasit (D)
  An iron imp (D)
  2 adders (D)
  2 ufetubi (D)
  An ooze (D)
  A ball python (D)
  A quokka zombie (D)
20 creatures vanquished.

Vanquished Creatures (collateral kills)
  A naga (D)
  A hell hound (D)
  A shadow imp (D)
3 creatures vanquished.

Vanquished Creatures (others)
  4 flying skulls (D)
  3 mummies (D)
  An ufetubus (D)
8 creatures vanquished.

Grand Total: 31 creatures vanquished

Notes
Turn   | Place    | Note
-------+----------+-------------------------------------------
     0 | D        | Found the +6 Majin-Bo {vamp, Archmagi MP+6 Int+6}
     0 | D        | Found the +7 great mace "Firestarter" {inner flame, rF++}
     0 | D        | nuthulu the Minotaur Fighter began the quest for the Orb.
     0 | D        | Reached XP level 1. HP: 19/19 MP: 0/0
     0 | D        | Found a deep blue altar of Sif Muna.
     0 | D        | Found a sacrificial altar of Ru.
     0 | D        | Found a bloodstained altar of Trog.
     0 | D        | Found a stormy altar of Qazlal.
     0 | D        | Found an iron altar of Okawaru.
     0 | D        | Found a sparkling altar of Nemelex Xobeh.
     0 | D        | Found a blossoming altar of Fedhas.
     2 | D        | Found a transporter.
     2 | D        | Found an ancient bone altar of Kikubaaqudgha.
     2 | D        | Found a viscous altar of Jiyva.
     2 | D        | Found a corrupted altar of Lugonu.
     2 | D        | Found a hazy altar of Hepliaklqana.
     2 | D        | Found a burning altar of Makhleb.
     2 | D        | Found an opulent altar of Gozag.
    18 | D        | Found the +9 heavy crossbow "Sniper" {velocity, Acc+∞ SInv}
    18 | D        | Found the +10 dark maul {crush}
    18 | D        | Found the +15 Maxwell's patent armour {-Cast -Tele rElec
                  | MR+ rCorr}
    18 | D        | Found the +18 shield of the Gong {rElec rN+ MR+ EV-5}
    18 | D        | Found the cursed +14 obsidian axe {chop, +Fly SInv *Curse}
    19 | D        | Found the +6 shillelagh "Devastator" {shatter}
    19 | D        | Found the +11 plutonium sword {*Contam Stlth-}
    19 | D        | Found the +8 lance "Wyrmbane" {slay drac, rPois rF+ rC+
                  | AC+3}
    19 | D        | Found the +9 sword of Zonguldrok {reap}
    19 | D        | Found the cursed +13 scythe of Curses {drain, *Curse}
    19 | D        | Found the +0 sword of Power
    19 | D        | Found the +7 mace of Variability {chain chaos}
    19 | D        | Found the +7 Singing Sword {slice, sonic wave}
    19 | D        | Found the +7 longbow "Piercer" {penet, EV-2}
    95 | D        | Became a worshipper of Yredelemnul the Dark
   101 | D        | Reached skill level 9 in Long Blades
   101 | D        | Reached XP level 2. HP: 26/26 MP: 1/1
   109 | D        | Entered arena 2.
   109 | D        | Noticed a water elemental
   109 | D        | Noticed a +3 glaive of protection
   109 | D        | Found a transporter.
   110 | D        | Found the +6 lightning scales {run, rElec}
   119 | D        | Killed a water elemental
   119 | D        | Reached skill level 5 in Fighting
   119 | D        | Reached skill level 10 in Long Blades
   119 | D        | Reached skill level 5 in Armour
   119 | D        | Reached skill level 5 in Shields
   119 | D        | Reached XP level 3. HP: 37/37 MP: 1/4
   119 | D        | Reached XP level 4. HP: 44/44 MP: 1/5
   119 | D        | Reached XP level 5. HP: 50/50 MP: 1/6
   127 | D        | Killed a +3 glaive of protection
   127 | D        | Reached * piety under Yredelemnul
   127 | D        | Reached skill level 12 in Long Blades
   127 | D        | Reached XP level 6. HP: 61/62 MP: 1/9
   127 | D        | Reached XP level 7. HP: 68/69 MP: 1/10
   130 | D        | Got the amulet of Itatt {Inacc +Blink +Inv rF+++ Int-5}
   228 | D        | Entered arena 3.
   228 | D        | Noticed a golden eye
   228 | D        | Found a transporter.
   255 | D        | Killed a golden eye
   255 | D        | Reached ** piety under Yredelemnul
   272 | D        | Entered arena 4.
   272 | D        | Found a transporter.
   276 | D        | Reached XP level 8. HP: 75/78 MP: 11/11
   279 | D        | Reached *** piety under Yredelemnul
   285 | D        | Entered arena 5.
   285 | D        | Noticed a deep elf mage
   285 | D        | Noticed a deep elf mage
   285 | D        | Noticed a deep elf mage
   285 | D        | Found a transporter.
   290 | D        | Killed a deep elf mage
   290 | D        | Reached skill level 10 in Fighting
   290 | D        | Reached skill level 10 in Armour
   290 | D        | Reached skill level 10 in Shields
   294 | D        | Killed a deep elf mage
   294 | D        | Reached skill level 13 in Long Blades
   294 | D        | Received a gift from Yredelemnul (a mummy)
   300 | D        | Killed a deep elf mage
   300 | D        | Reached **** piety under Yredelemnul
   300 | D        | Reached XP level 9. HP: 65/89 MP: 12/12
   300 | D        | Received a gift from Yredelemnul (a mummy)
   399 | D        | Entered arena 6.
   399 | D        | Found a transporter.
   410 | D        | Reached skill level 14 in Long Blades
   444 | D        | Entered arena 7.
   445 | D        | Found a transporter.
   447 | D        | Received a gift from Yredelemnul (a mummy)
   449 | D        | Reached ***** piety under Yredelemnul
   453 | D        | Received a gift from Yredelemnul (a mummy)
   453 | D        | Received a gift from Yredelemnul (5 flying skulls)
   463 | D        | Entered arena 8.
   463 | D        | Noticed a death cob
   463 | D        | Noticed a purple draconian
   463 | D        | Noticed a yellow draconian
   463 | D        | Noticed a white draconian
   463 | D        | Noticed a death cob
   463 | D        | Noticed a red draconian
   464 | D        | Found a transporter.
   470 | D        | Slain by a death cob

Skill      XL: |  1  2  3  4  5  6  7  8  9 |
---------------+----------------------------+-----
Long Blades    | 9 10 12 13 14 | 14.2
Fighting       | 5 8 9 11 12 | 12.1
Armour         | 5 8 9 11 12 | 12.1
Shields        | 5 8 9 11 12 | 12.1
Invocations    | 3 6 |  6.6

Action                   |  1- 3 |  4- 6 |  7- 9 || total
-------------------------+-------+-------+-------++-------
Melee: Double sword      |     2 |     7 |    51 ||    60
       Headbutt          |       |       |     7 ||     7
Invok: Animate Dead      |       |       |     1 ||     1
  Use: Potion            |     5 |       |       ||     5
Armor: Plate armour      |     3 |       |    26 ||    29
Dodge: Dodged            |     1 |       |     4 ||     5
Block: Shield            |     7 |     5 |    70 ||    82
       Rpst.: Double sword |     1 |       |       ||     1
